 Dungeon Sprint DCSS version 0.30-a0-737-gf23d94013f (webtiles) character file.

Game seed: 14473634137339127133

1234 sircluck the Cleaver (level 8, -3/80 HPs)
             Began as a Hill Orc Fighter on Feb 1, 2023.
             Succumbed to Sonja's poison
             ... in the Dungeon (Sprint I: "Red Sonja").
             The game lasted 00:04:37 (1600 turns).

sircluck the Cleaver (Hill Orc Fighter)             Turns: 1600, Time: 00:04:38

Health: -3/80      AC:  9    Str: 21    XL:     8   Next: 48%
Magic:  8/8        EV: 10    Int:  8    God:
Gold:   82         SH:  5    Dex: 10    Spells: 7/7 levels left

rFire   . . .      SeeInvis .    a - +0 war axe
rCold   . . .      Faith    .    c - +0 buckler
rNeg    . . .      Spirit   .    b - +0 scale mail
rPois   .          Reflect  .    (no helmet)
rElec   .          Harm     .    (no cloak)
rCorr   .          Rampage  .    (no gloves)
Will    .....      NoTele   +    (no boots) Stlth
                                 (no amulet)
HPRegen 0.33/turn                (no ring)
MPRegen 0.11/turn                (no ring)

@: lethally poisoned (-3 -> -17), hasted, very quick
A: no striking features
a: no special abilities


You were in the Dungeon.
You visited 1 branch You collected 418 gold pieces.
You spent 336 gold pieces at shops.

Inventory:

Hand Weapons
 a - a +0 war axe (weapon)
Armour
 b - a +0 scale mail (worn)
 c - a +0 buckler (worn)
Magical Staves
 d - a staff of poison
Wands
 i - a wand of roots (18)
Potions
 h - 2 potions of magic


   Skills:
 + Level 10.5 Fighting
 + Level 14.0 Axes
 + Level 11.1 Armour
 + Level 1.8 Dodging
 + Level 2.3 Stealth
 + Level 8.0 Shields


You had 7 spell levels left.
You didn't know any spells.
Your spell library was empty.

Dungeon Overview and Level Annotations

Branches:
Dungeon (1/1)

Altars:
Cheibriados
Dithmenos
Elyvilon
Fedhas
Gozag
Hepliaklqana
Kikubaaqudgha
Makhleb
Nemelex Xobeh
Okawaru
Qazlal
Ru
Sif Muna
Trog
Uskayaw
Vehumet
Wu Jian
Xom
Yredelemnul
Zin
The Shining One
Jiyva
Lugonu

Shops:
D *

Annotations:
D Sonja


Message History

You are lethally poisoned!
You block Sonja's attack.
You completely miss Sonja.
You feel extremely sick. Sonja hits you but does no damage.
You are more poisoned.
Sonja hits you but does no damage. x2
You closely miss Sonja.
You feel extremely sick.
Sonja mumbles some strange words.
Sonja blinks!
Aiming: Fastroot
Press: ? - help, Q - select action Shift-Dir - straight line, f - Sonja
Aim: Sonja, wielding a +1 dagger of venom and quivering curare-tipped darts The roots erupt in riotous growth!
Roots grab Sonja.
The grasping roots constrict Sonja.
* * * LOW HITPOINT WARNING * * *
You feel extremely sick.
Sonja struggles to escape constriction.
Aiming: Fastroot
Press: ? - help, Q - select action Shift-Dir - straight line, f/p - Sonja
Aim: Sonja, wielding a +1 dagger of venom and quivering curare-tipped darts (lightly wounded, constricted by roots)
The roots erupt in riotous growth!
Sonja is unaffected.
The grasping roots constrict Sonja.
* * * LOW HITPOINT WARNING * * *
You feel extremely sick.
The roots release their grip on Sonja.
Blink to where?
Press: ? - help, Q - select action, (/) - cycle Dir - move target, p - Sonja
As you read the scroll of blinking, it crumbles to dust.
* * * LOW HITPOINT WARNING * * *
You feel very sick.
* * * LOW HITPOINT WARNING * * *
You feel very sick.
* * * LOW HITPOINT WARNING * * *
You feel very sick.
There is an open door here.
You feel yourself speed up.
You die...

##########################
#<.#..').#..@..#__#..')..#
#..)..#..').#..'..'..#)..#
#..#####'#####'#__####...+
#..####..#...#.#### #####
#..#__####..##.#
#..#_____##'#_.+
#⌠⌠#_.∩...'..._#
####_..__##_K#'#
#_____###'#.#


There were no monsters in sight!

Vanquished Creatures
  2 kobold demonologists (D)
  Sigmund (D)
  A slime creature (D)
  A yak (D)
  A floating eye (D)
  An ogre (D)
  A jelly (D)
  Ijyb (D)
9 creatures vanquished.

Vanquished Creatures (others)
  A gargoyle (D)
1 creature vanquished.

Grand Total: 10 creatures vanquished

Notes
Turn   | Place    | Note
-------+----------+-------------------------------------------
     0 | D        | sircluck the Hill Orc Fighter began the quest for the Orb.
     0 | D        | Reached XP level 1. HP: 19/19 MP: 1/1
   143 | D        | Killed a gargoyle
  1023 | D        | Noticed Ijyb
  1028 | D        | Killed Ijyb
  1029 | D        | Reached skill level 5 in Fighting
  1029 | D        | Reached skill level 3 in Axes
  1029 | D        | Reached XP level 2. HP: 29/29 MP: 2/2
  1029 | D        | Reached XP level 3. HP: 36/36 MP: 3/3
  1056 | D        | Noticed an ogre
  1061 | D        | Killed an ogre
  1062 | D        | Reached skill level 5 in Axes
  1062 | D        | Reached skill level 1 in Stealth
  1062 | D        | Reached skill level 5 in Shields
  1062 | D        | Reached XP level 4. HP: 26/44 MP: 4/4
  1074 | D        | Noticed Sigmund
  1078 | D        | Killed Sigmund
  1079 | D        | Reached skill level 8 in Axes
  1079 | D        | Reached XP level 5. HP: 37/53 MP: 5/5
  1079 | D        | Reached XP level 6. HP: 43/61 MP: 6/6
  1094 | D        | Found an ornate altar of the Wu Jian Council.
  1094 | D        | Found a shimmering blue altar of Sif Muna.
  1096 | D        | Found a radiant altar of Vehumet.
  1139 | D        | Found Tacs's Assorted Antiques.
  1139 | D        | Found an ancient bone altar of Kikubaaqudgha.
  1139 | D        | Found a hazy altar of Hepliaklqana.
  1139 | D        | Found a stormy altar of Qazlal.
  1139 | D        | Found a hide-covered altar of Uskayaw.
  1139 | D        | Found a blossoming altar of Fedhas.
  1139 | D        | Found a bloodstained altar of Trog.
  1139 | D        | Found an iron altar of Okawaru.
  1139 | D        | Found a basalt altar of Yredelemnul.
  1139 | D        | Found a glowing golden altar of the Shining One.
  1139 | D        | Found a snail-covered altar of Cheibriados.
  1139 | D        | Found a sacrificial altar of Ru.
  1139 | D        | Found a glowing silver altar of Zin.
  1139 | D        | Found a shadowy altar of Dithmenos.
  1139 | D        | Found a white marble altar of Elyvilon.
  1139 | D        | Noticed a yak
  1150 | D        | Killed a yak
  1151 | D        | Reached skill level 9 in Axes
  1151 | D        | Reached XP level 7. HP: 68/69 MP: 7/7
  1151 | D        | Found an opulent altar of Gozag.
  1152 | D        | Found a sparkling altar of Nemelex Xobeh.
  1207 | D        | Found a burning altar of Makhleb.
  1207 | D        | Found a viscous altar of Jiyva.
  1207 | D        | Found a shimmering altar of Xom.
  1207 | D        | Found a corrupted altar of Lugonu.
  1207 | D        | Noticed a slime creature
  1221 | D        | Killed a slime creature
  1222 | D        | Reached skill level 11 in Axes
  1222 | D        | Reached skill level 10 in Armour
  1383 | D        | Bought a weird runed staff for 336 gold pieces
  1403 | D        | Noticed a kobold demonologist
  1403 | D        | Noticed a kobold demonologist
  1405 | D        | Paralysed by a floating eye for 2 turns
  1406 | D        | Noticed a red devil
  1417 | D        | Killed a kobold demonologist
  1418 | D        | Reached skill level 10 in Fighting
  1418 | D        | Reached skill level 12 in Axes
  1418 | D        | Reached skill level 1 in Dodging
  1418 | D        | Reached XP level 8. HP: 42/79 MP: 8/8
  1420 | D        | Noticed a ynoxinul
  1424 | D        | Noticed a rust devil
  1430 | D        | Killed a kobold demonologist
  1431 | D        | Reached skill level 14 in Axes
  1432 | D        | Paralysed by you for 5 turns
  1589 | D        | Noticed Sonja
  1598 | D        | HP: 4/80 [poisoned by Sonja]
  1599 | D        | HP: 1/80 [poisoned by Sonja]
  1600 | D        | Succumbed to Sonja's poison

Illustrated notes

Levels and vault maps discovered:
D:        dungeon_sprint_1 [red_sonja_temple_1, red_sonja_temple_small_1]

Skill      XL: |  1  2  3  4  5  6  7  8 |
---------------+-------------------------+-----
Fighting       | 5 6 7 8 10 | 10.5
Axes           | 3 5 8 9 12 14 | 14.0
Armour         | 4 6 8 9 10 11 | 11.1
Shields        | 4 5 6 7 8 |  8.0
Stealth        | 1 2 |  2.3
Dodging        | 1 |  1.8

Action                     |  1- 3 |  4- 6 |  7- 9 || total
---------------------------+-------+-------+-------++-------
  Melee: War axe           |     7 |    16 |    39 ||    62
  Evoke: Wand              |       |       |     2 ||     2
    Use: Potion            |     2 |       |     4 ||     6
         Scroll            |       |       |     1 ||     1
 Armour: Scale mail        |       |     2 |    22 ||    24
  Dodge: Dodged            |     4 |     9 |    18 ||    31
  Block: Buckler           |     1 |     4 |     6 ||    11

Table legend: (Time is in decaauts)
 A = Elapsed time spent in this place.
 B = Non-inter-level travel time spent in this place.
 C = Inter-level travel time spent in this place.
 D = Time resting spent in this place.
 E = Time spent auto-exploring this place.
 F = Levels seen in this place.
 G = Mean time per level.
                   A        B        C        D        E       F      G
               +--------+--------+--------+--------+--------+-----+--------+
         Total |   1610 |   1585 |     25 |   1312 |      0 |   1 | 1610.0 |
       Dungeon |   1610 |   1585 |     25 |   1312 |      0 |   1 | 1610.0 |
               +--------+--------+--------+--------+--------+-----+--------+

Top non-repeatable levels by time:
       D: 1610 daAuts
